 Dungeon Crawl Stone Soup version 0.29.1-15-g9cfb28693d (webtiles) character file.

Game seed: 10609515506706859126

27 pokedragonboy the Ruffian (level 3, -8/31 HPs)
             Began as a Naga Transmuter on Mar 10, 2023.
             Mangled by a gnoll
             ... wielding a +0 halberd
              (10 damage)
             ... on level 3 of the Dungeon.
             The game lasted 00:02:32 (1662 turns).

pokedragonboy the Ruffian (Naga Transmuter)         Turns: 1662, Time: 00:02:32

Health: -8/31      AC:  3    Str: 12    XL:     3   Next: 10%
Magic:  6/6        EV: 10    Int: 15    God:
Gold:   51         SH:  0    Dex: 11    Spells: 0/6 levels left

rFire   + . .      SeeInvis +     - Unarmed
rCold   . . .      Faith    .   (no shield)
rNeg    . . .      Spirit   .   c - +1 robe {rF+}
rPois   +          Reflect  .   (helmet currently unavailable)
rElec   .          Harm     .   (no cloak)
rCorr   .          Rampage  .   (no gloves)
Will    .....                   (no barding)
Stlth   ++........              (no amulet)
HPRegen 0.10/turn               (no ring)
MPRegen 0.10/turn               (no ring)

@: appendages (expiring), very slow
A: horns 2, AC +1, large, see invisible, deformed body, poison resistance,
slowness 2, spit poison 1, naga tail 1
a: Spit Poison, End Transformation


You were on level 3 of the Dungeon.
You had temporarily grown beastly horns.
You visited 1 branch of the dungeon, and saw 3 of its levels.

You collected 51 gold pieces.

Inventory:

Armour
 c - a +1 robe of fire resistance (worn)
Scrolls
 a - a scroll of torment {unknown}
 d - a scroll of teleportation {unknown}
 e - a scroll of fear {unknown}
 g - a scroll of enchant armour {unknown}
Potions
 b - a potion of lignification
 f - a potion of cancellation {unknown}


   Skills:
 - Level 1.0 Fighting
 + Level 1.7 Dodging
 * Level 2.3 Stealth
 - Level 3.0 Unarmed Combat
 + Level 2.1 Spellcasting
 * Level 2.5 Transmutations
 + Level 0.8 Poison Magic


You couldn't memorise any spells.
You knew the following spells:

 Your Spells              Type           Power      Damage    Failure   Level
a - Beastly Appendage     Tmut           18%        N/A       8%          1
b - Wereblood             Tmut           9%         N/A       12%         2
c - Spider Form           Tmut/Pois      6%         N/A       32%         3

Your spell library contained the following spells:

 Spells                   Type           Power      Damage    Failure   Level
 Ice Form                 Ice/Tmut       5%         N/A       78%         4


Dungeon Overview and Level Annotations

Branches:
Dungeon (3/15)

Altars:


Innate Abilities, Weirdness & Mutations

You have temporarily grown beastly horns.
Your serpentine skin is tough. (AC +1)
You have supernaturally acute eyesight. (SInv)
Armour fits poorly on your strangely shaped body.
Your system is resistant to poisons. (rPois)
You cover ground very slowly.
You can spit poison.
You have a snake-like lower body.


Message History

A gnoll comes into view. It is wielding a +0 club.
The hobgoblin misses you.
Casting: Beastly Appendage (safe; 8% risk of failure)
Confirm with . or Enter, or press ? or * to list all spells.
You grow a pair of large bovine horns.
The gnoll shouts! x2
The hobgoblin hits you.
You hit the hobgoblin.
The hobgoblin is lightly wounded.
The hobgoblin closely misses you.
You barely miss the hobgoblin.
The hobgoblin is lightly wounded.
The hobgoblin barely misses you.
Your magical contamination has completely faded away.
The hobgoblin attacks as you move away! The hobgoblin closely misses you.
The hobgoblin attacks as you move away! The hobgoblin closely misses you.
The hobgoblin hits you. The hobgoblin attacks as you move away!
The hobgoblin closely misses you. The hobgoblin attacks as you move away!
The hobgoblin barely misses you. The hobgoblin hits you.
The hobgoblin attacks as you move away! The hobgoblin misses you.
The gnoll attacks as you move away! The gnoll hits you but does no damage.
Your transformation is almost over.
The gnoll attacks as you move away! The gnoll hits you with a +0 club. x2
There is an escape hatch in the floor here.
The gnoll barely misses you. The hobgoblin hits you.
You slide downwards.
The hatch slams shut behind you.
The gnoll shouts! x2; You hear a shout! x3; The orc shouts!
The gnoll attacks as you move away! The gnoll hits you with a +0 halberd!
* * * LOW HITPOINT WARNING * * *
You hear a shout! x2
The hobgoblin hits you.
* * * LOW HITPOINT WARNING * * *
The gnoll misses you. The gnoll barely misses you. The hobgoblin hits you.
* * * LOW HITPOINT WARNING * * *
The hobgoblin hits you.
* * * LOW HITPOINT WARNING * * *
The gnoll hits you from afar with a +0 halberd!
You die...

######
#@g..#
#######.g..#
....o.gg...#
.......#++##
.......
.......
######+


You could see 3 gnolls and a hobgoblin.

Vanquished Creatures
  2 dart slugs (D:1)
  5 endoplasms (D:1)
  3 giant cockroaches
  2 hobgoblins
  A quokka (D:2)
  4 ball pythons
  A bat (D:1)
  A frilled lizard (D:1)
  3 rats (D:1)
22 creatures vanquished.

Notes
Turn   | Place    | Note
-------+----------+-------------------------------------------
     0 | D:1      | pokedragonboy the Naga Transmuter began the quest for the
                  | Orb.
     0 | D:1      | Reached XP level 1. HP: 18/18 MP: 3/3
   330 | D:1      | Reached skill level 1 in Stealth
   352 | D:1      | Found a faded altar of an unknown god.
   361 | D:1      | Reached XP level 2. HP: 19/25 MP: 3/5
  1460 | D:2      | Reached XP level 3. HP: 25/31 MP: 4/6
  1463 | D:2      | Learned a level 2 spell: Wereblood
  1467 | D:2      | Learned a level 3 spell: Spider Form
  1662 | D:3      | Mangled by a gnoll

Illustrated notes

Levels and vault maps discovered:
D:1:      dpeg_arrival_orchard, layout_basic, ebering_ecumenical_altar_abandoned
D:2:      layout_basic, basic_altar, serial_shops, nicolae_shop_statue_plus
D:3:      lemuel_castle_with_subvaults [lemuel_castle_interior_carwin_3],
          layout_loops_ring, okawaru_metal_pillars_1_2, vehumet_crystals,
          grunt_decor_junction

Skill      XL: |  1  2 |
---------------+-------+-----
Stealth        | 1 2 |  2.3
Fighting       | |  1.0
Dodging        | |  1.7
Unarmed Combat | |  3.0
Spellcasting   | |  2.1
Transmutations | |  2.5
Poison Magic   | |  0.8

Action                   || total
-------------------------++-------
Melee: Unarmed           ||    44
       Headbutt          ||     5
 Cast: Beastly Appendage ||    17
 Abil: Spit Poison       ||     2
  Use: Scroll            ||     1
Armor: Robe              ||    17
Dodge: Dodged            ||    36
